 Dungeon Crawl Stone Soup version 0.27-a0-78-g75406f0b48 (webtiles) character file.

Game seed: 12330322752300298687

49 dickylongcocking the Chopper (level 3, -4/26 HPs)
             Began as an Octopode Chaos Knight on Jan 14, 2021.
             Was a Plaything of Xom.
             Slain by Natasha (7 damage)
             ... on level 2 of the Dungeon.
             The game lasted 00:01:07 (1023 turns).

dickylongcocking the Chopper (OpCK)                 Turns: 1023, Time: 00:01:09

Health: -4/26      AC:  1    Str: 11    XL:     3   Next: 75%
Magic:  3/3        EV: 13    Int: 15    God:    Xom [..*...]
Gold:   10         SH:  0    Dex: 11    Spells: 2/2 levels left

rFire    . . .     SeeInvis .   a - +0 hand axe (chaos)
rCold    . . .     Faith    .   (no shield)
rNeg     . . .     Spirit   .   (helmet restricted)
rPois    .         Reflect  .   (no amulet)
rElec    .         Harm     .   (no ring)
rCorr    .         Rampage  .   (no ring)
Will     .....                  (no ring)
Stlth    +++.......             (no ring)
HPRegen  0.08/turn              (no ring)
MPRegen  0.08/turn              (no ring)
                                (no ring)
                                (no ring)

@: lethally poisoned (-4 -> -6), attractive
A: almost no armour, stealthy swim, amphibious, 8 rings, constrict 8, camouflage
1, gelatinous body 1
a: Renounce Religion


You were on level 2 of the Dungeon.
You worshipped Xom.
You were a toy of Xom.
You visited 1 branch of the dungeon, and saw 2 of its levels.

You collected 10 gold pieces.

Inventory:

Hand Weapons
 a - a +0 hand axe of chaos (weapon)
Scrolls
 c - a scroll of fog {unknown}
 e - 3 scrolls of identify {unknown}
 f - a scroll of amnesia {unknown}
 h - a scroll of enchant armour {unknown}


   Skills:
 + Level 3.5 Fighting
 + Level 3.6 Axes
 + Level 2.6 Dodging
 + Level 1.8 Stealth


You had 2 spell levels left.
You didn't know any spells.
Your spell library was empty.

Dungeon Overview and Level Annotations

Branches:
Dungeon (2/15)

Altars:

Annotations:
D:2 Natasha


Innate Abilities, Weirdness & Mutations

You cannot wear most types of armour.
You are very stealthy in the water. (Stealth+)
You are amphibious.
You can wear up to eight rings at the same time.
You can use your tentacles to constrict eight enemies at once.
Your skin changes colour to match your surroundings (Stealth+).
Your rubbery body absorbs attacks. (AC +1, EV +1)


Message History

Unknown command.
Unknown command.
It was a potion of attraction.
You feel attractive to monsters.
Xom is amused.
Natasha is pulled toward you!
It was a potion of brilliance.
You feel clever all of a sudden.
* * * LOW HITPOINT WARNING * * *
You feel sick.
Natasha casts a spell.
Natasha is pulled toward you! The crimson imp is pulled toward you!
It was a potion of cancellation.
Your magical effects are unravelling.
You feel magically purged.
Xom thinks this is hilarious!
You feel yourself speed up.
You feel a little less clever now. Natasha claws you!
You die...
Xom laughs nastily!

#.....# , * * , * #.#
#. #...### , , .#.#
#.###. #...# **, ,
....# #..... #...# ,
, **, #..[.# ###### #
.# * ,* .....# #
####,#####....#
.....#..[.....#####
,...................#
......h@...........#
......5##..........#
.......##.)........#
...................#
.......##†.........#
.......*#..........#
### .......
#..........# #..
.......*#..†.).....#
#.# , , #####.######
#.#


You could see Natasha and a crimson imp (summoned).

Vanquished Creatures
  An adder (D:2)
  An ooze (D:2)
  A dart slug (D:2)
  A leopard gecko (D:1)
  3 bats
  9 goblins
  A hobgoblin (D:1)
  2 jackals (D:1)
  4 kobolds
  4 frilled lizards (D:2)
  6 rats
33 creatures vanquished.

Notes
Turn   | Place    | Note
-------+----------+-------------------------------------------
     0 | D:1      | dickylongcocking the Octopode Chaos Knight began the quest
                  | for the Orb.
     0 | D:1      | Reached XP level 1. HP: 16/16 MP: 1/1
   210 | D:1      | Reached XP level 2. HP: 21/21 MP: 2/2
   499 | D:1      | Reached XP level 3. HP: 26/26 MP: 3/3
   505 | D:1      | XOM: silly message
   603 | D:1      | Reached skill level 1 in Stealth
   979 | D:2      | XOM: noise
  1012 | D:2      | XOM: divination: magic mapping
  1019 | D:2      | Noticed Natasha
  1023 | D:2      | Slain by Natasha

Illustrated notes

Levels and vault maps discovered:
D:1:      minmay_arrival_four_loops, layout_basic
D:2:      layout_basic, fedhas_altar_1, small_statue_intersection, uniq_natasha

Skill      XL: |  1  2  3 |
---------------+----------+-----
Stealth        | 1 |  1.8
Fighting       | |  3.5
Axes           | |  3.6
Dodging        | |  2.6

Action                   || total
-------------------------++-------
Melee: Hand axe          ||    58
       Constrict         ||    15
       Tentacles         ||     6
  Use: Potion            ||     3
 Stab: Sleeping          ||    10
       Distracted        ||     1
Armor: Skin              ||     2
Dodge: Dodged            ||    26

Table legend: (Time is in decaauts)
 A = Elapsed time spent in this place.
 B = Non-inter-level travel time spent in this place.
 C = Inter-level travel time spent in this place.
 D = Time resting spent in this place.
 E = Time spent auto-exploring this place.
 F = Levels seen in this place.
 G = Mean time per level.
                   A        B        C        D        E       F      G
               +--------+--------+--------+--------+--------+-----+--------+
         Total |   1031 |    995 |     36 |      0 |    788 |   2 |  515.5 |
       Dungeon |   1031 |    995 |     36 |      0 |    788 |   2 |  515.5 |
               +--------+--------+--------+--------+--------+-----+--------+

Top non-repeatable levels by time:
     D:1: 776 daAuts
     D:2: 254 daAuts
